 Dungeon Crawl Stone Soup version 0.18-a0-1570-gf60b0ab (webtiles) character file.

86 poirepourri the Firebug (level 4, 0/24 HPs)
             Began as a Deep Elf Fire Elementalist on Mar 15, 2016.
             Slain by Grinder (10 damage)
             ... on level 3 of the Dungeon.
             The game lasted 00:03:58 (2453 turns).

poirepourri the Firebug (DEFE)                      Turns: 2453, Time: 00:03:58

Health: 0/24       AC:  3    Str:  5    XL:     4   Next: 27%
Magic:  1/12       EV:  8    Int: 21    God:
Gold:   57         SH:  0    Dex: 15    Spells: 2 memorised, 8 levels left

rFire  . . .     SeeInvis .     k - +2 short sword (elec)
rCold  . . .     Gourm    .     a - +0 robe
rNeg   . . .     Faith    .     (no shield)
rPois  .         Spirit   .     (no helmet)
rElec  .         Dismiss  .     (no cloak)
rCorr  .         Reflect  .     i - +0 pair of gloves
SustAt .         Harm     .     (no boots)
MR     .....                    (no amulet)
Stlth  ++........               (no ring)
                                (no ring)

@: very slightly contaminated, not resistant to hostile enchantments, unstealthy
A: no striking features
a: no special abilities


You were on level 3 of the Dungeon.
You were not hungry.

You visited 1 branch of the dungeon, and saw 3 of its levels.

You collected 57 gold pieces.

Inventory:

Hand Weapons
 k - a +2 short sword of electrocution (weapon)
Armour
 a - a +0 robe (worn)
 i - a +0 pair of gloves (worn)
Wands
 j - a wand of flame (22/48)
Scrolls
 e - a scroll of fog
 g - a scroll of identify
Potions
 d - a potion of agility
 f - a potion of brilliance
Books
 b - a book of Flames

   Spells                             Type                      Level
   a - Flame Tongue                   Conjuration/Fire             1
   b - Throw Flame                    Conjuration/Fire             2
   c - Conjure Flame                  Conjuration/Fire             3
   d - Inner Flame                    Hexes/Fire                   3
   e - Sticky Flame                   Conjuration/Fire             4
   f - Fireball                       Conjuration/Fire             5
Comestibles
 c - 2 bread rations
 h - a meat ration
 l - a slice of pizza


   Skills:
 + Level 3.0 Dodging
 + Level 3.0 Stealth
 + Level 4.0 Spellcasting
 + Level 2.1 Conjurations
 + Level 4.1 Fire Magic


You had 8 spell levels left.
You knew the following spells:

 Your Spells              Type           Power        Failure   Level  Hunger
a - Flame Tongue          Conj/Fire      ###..        3%          1    None
b - Throw Flame           Conj/Fire      ###...       6%          2    #......


Dungeon Overview and Level Annotations

Branches:
Dungeon (3/15)

Altars:
Nemelex Xobeh
Trog

Annotations:
D:3 Grinder


Message History

Casting: Flame Tongue
Confirm with . or Enter, or press ? or * to list all spells.
Aiming: Flame Tongue
Press: ? - help, Shift-Dir - straight line, f/p - Grinder
Aim: Grinder (moderately wounded)
The flame tongue misses Grinder.
Unknown command.
Casting: Flame Tongue
Confirm with . or Enter, or press ? or * to list all spells.
Aiming: Flame Tongue
Press: ? - help, Shift-Dir - straight line, f/p - Grinder
Aim: Grinder (moderately wounded)
The flame tongue hits Grinder.
Grinder is heavily wounded.
Grinder hits you!
You writhe in agony.
Casting: Flame Tongue
Confirm with . or Enter, or press ? or * to list all spells.
You don't know that spell.
Grinder hits you!
You die... #. .. #. #. #. #g #5###.#.## #.@.!..... #####.#...

You could see Grinder and a hobgoblin.

Vanquished Creatures
  Terence (D:2)
  An adder (D:2)
  An ooze (D:2)
  A worm (D:2)
  2 dart slugs
  2 giant geckos (D:2)
  3 giant cockroaches
  5 goblins
  5 hobgoblins
  A jackal (D:1)
  8 kobolds
  3 bats (D:2)
  2 giant newts (D:1)
  4 rats
39 creatures vanquished.

Notes
Turn   | Place    | Note
--------------------------------------------------------------
     0 | D:1      | poirepourri the Deep Elf Fire Elementalist began the quest for the Orb.
     0 | D:1      | Reached XP level 1. HP: 10/10 MP: 6/6
   104 | D:1      | Reached XP level 2. HP: 15/15 MP: 1/8
   678 | D:1      | Learned a level 2 spell: Throw Flame
  1056 | D:2      | Found a sparkling altar of Nemelex Xobeh.
  1161 | D:2      | Found a bloodstained altar of Trog.
  1268 | D:2      | Reached XP level 3. HP: 19/19 MP: 1/10
  1334 | D:2      | Noticed Terence
  1367 | D:2      | Killed Terence
  1692 | D:2      | Reached XP level 4. HP: 24/24 MP: 0/11
  2443 | D:3      | Noticed Grinder
  2446 | D:3      | Paralysed by Grinder for 2 turns
  2453 | D:3      | Slain by Grinder

Vault maps used:
D:1:      lightli_arrival_lavapool, st_stairs_2
D:2:      marbit_many_paths, nemelex_deck, first_bread, uniq_terence
D:3:      lemuel_coloured_pillars_altar, uniq_grinder

Skill      XL: |  1  2  3  4 |
---------------+-------------+-----
Fire Magic     | 4 |  4.1
Dodging        | 3 |  3.0
Spellcasting   | 4 |  4.0
Conjurations   | 2 |  2.1
Stealth        | 3 |  3.0

Action                   |  1- 3 |  4- 6 || total
-------------------------+-------+-------++-------
Melee: Unarmed           |    10 |       ||    10
       Short sword       |     6 |       ||     6
 Cast: Flame Tongue      |    29 |    13 ||    42
       Throw Flame       |    26 |     5 ||    31
  Use: Scroll            |     6 |     1 ||     7
 Stab: Sleeping          |     1 |       ||     1
  Eat: Meat ration       |     1 |       ||     1
